 Dungeon Sprint DCSS version 0.30-a0-39-g42789b21ef (webtiles) character file.

Game seed: 6608634343906310413

8017 mhtbhm the Brawler (level 11, -8/181 HPs)
             Began as a Troll Transmuter on Aug 28, 2022.
             Was a High Priest of Sif Muna.
             Mangled by an elephant (10 damage)
             ... in the Dungeon (Sprint III: "The Ten Rune Challenge").
             The game lasted 00:06:23 (2171 turns).

mhtbhm the Brawler (Troll Transmuter)               Turns: 2171, Time: 00:06:24

Health: -8/181     AC:  6    Str: 24    XL:     11   Next: 4%
Magic:  17/21      EV: 11    Int:  9    God:    Sif Muna [*****.]
Gold:   27         SH:  0    Dex: 10    Spells: 15/25 levels left

rFire   x . .      SeeInvis .      - Unarmed
rCold   + + +      Faith    .    (shield currently unavailable)
rNeg    . . .      Spirit   .    (body armour currently unavailable)
rPois   +          Reflect  .    (helmet currently unavailable)
rElec   .          Harm     .    (cloak currently unavailable)
rCorr   .          Rampage  .    (gloves unavailable)
Will    .....      NoTele   +    (boots unavailable)
Stlth   ..........               (no amulet)
HPRegen 1.20/turn                (no ring)
MPRegen 0.17/turn                (no ring)

@: berserking, ice-form, wereblooded, very quick
A: freezing attack, amphibious, boosted hp, large, unfitting armour, (claws 3),
regeneration 1, (shaggy fur 1), (tough skin 1), (camouflage 1), (cold resistance
1)
a: End Transformation, Renounce Religion, Channel Magic, Forget Spell, Divine
Exegesis


You were in the Dungeon.
You worshipped Sif Muna.
Sif Muna was extremely pleased with you.
You were a creature of crystalline ice.
You visited 1 branch You collected 27 gold pieces.

Inventory:

Armour
 a - a +0 robe (melded)
 i - a +0 cloak (melded)
Scrolls
 g - a scroll of immolation {unknown}
 j - 2 scrolls of torment {unknown}
 l - 2 scrolls of identify
Potions
 f - 2 potions of magic
 k - a potion of degeneration {unknown}
 m - a potion of mutation
 n - 2 potions of might
Miscellaneous
 b - a piece from Xom's chessboard (15/15)


   Skills:
 + Level 4.5 Fighting
 + Level 6.8 Dodging
 + Level 3.4 Stealth
 + Level 15.6 Unarmed Combat
 + Level 7.5 Spellcasting
 + Level 8.1 Transmutations
 + Level 2.9 Ice Magic
 + Level 2.4 Poison Magic
 * Level 10.1 Invocations


You had 15 spell levels left.
You knew the following spells:

 Your Spells              Type           Power      Damage    Failure   Level
a - Beastly Appendage     Tmut           36%        N/A       1%          1
b - Wereblood             Tmut           18%        N/A       1%          2
c - Spider Form           Tmut/Pois      12%        N/A       7%          3
d - Ice Form              Ice/Tmut       13%        N/A       19%         4

Your spell library contained the following spells:

 Spells                   Type           Power      Damage    Failure   Level
 Poisonous Vapours        Pois/Air       10%        N/A       17%         2
 Frozen Ramparts          Ice            16%        1d3       17%         3
 Magic Dart               Conj           12%        1d3       19%         1
 Call Imp                 Summ           3%         N/A       28%         2
 Searing Ray              Conj           6%         2d4       28%         2
 Static Discharge         Conj/Air       6%         3-4/arc   28%         2
 Summon Guardian Golem    Hex/Summ       3%         N/A       50%         3
 Summon Ice Beast         Ice/Summ       6%         N/A       71%         4
 Fulminant Prism          Conj/Hex       1%         3d6       88%         4
 Freezing Cloud           Conj/Ice/Air   2%         6-21      98%         5
 Summon Forest            Summ/Tloc      1%         N/A       99%         5
 Storm Form               Tmut/Air       5%         N/A       100%        7


Dungeon Overview and Level Annotations

Branches:
Dungeon (1/1)

Altars:
Cheibriados
Dithmenos
Elyvilon
Fedhas
Gozag
Hepliaklqana
Kikubaaqudgha
Makhleb
Nemelex Xobeh
Okawaru
Qazlal
Ru
Sif Muna
Trog
Uskayaw
Vehumet
Wu Jian
Xom
Yredelemnul
Zin
The Shining One
Jiyva
Lugonu


Innate Abilities, Weirdness & Mutations

You are a creature of crystalline ice.
You have a powerful freezing melee attack.
You are amphibious.
Your maximum health is increased.
Your armour is entirely melded.
You are incapable of wielding weapons or throwing items.
You are too large for most types of armour.
((You have claws for hands.))
Your natural rate of healing is unusually fast.
((You are covered in fur. (AC +1)))
((You have tough skin. (AC +1)))
((Your skin changes colour to match your surroundings (Stealth+).))
((Your flesh is cold resistant. (rC+)))


Message History

Sif Muna accepts your kill.
You see here a book of Misfortune.
Sif Muna grants you a gift!
Your Transmutations skill increases to level 8!
Your Invocations skill increases to level 10!
You have reached level 11!
Press: ? - help, v - describe, . - travel, g - get item
Items here: a book of Misfortune; a blink frog skeleton.
The floor, spattered with blood.
You hit the dire elephant but do no damage.
The elephant attacks as you move away! The elephant closely misses you.
The elephant barely misses you.
You howl as the wereblood boils in your veins!
The dire elephant barely misses you. The dire elephant closely misses you.
The elephant attacks as you move away! The elephant tramples you!
The elephant barely misses you.
You see here a swamp drake skeleton.
The dire elephant tramples you!!
* * * LOW HITPOINT WARNING * * *
You hold your ground!
The dire elephant barely misses you.
Unknown command.
You feel much better. The elephant closely misses you.
The elephant trunk-slaps you. The dire elephant tramples you!!
* * * LOW HITPOINT WARNING * * *
You stumble backwards!
The dire elephant closely misses you. The dire elephant barely misses you.
A red film seems to cover your vision as you go berserk!
You feel yourself moving faster!
You feel mighty! The elephant tramples you!
* * * LOW HITPOINT WARNING * * *
You hold your ground!
The elephant trunk-slaps you.
* * * LOW HITPOINT WARNING * * *
The dire elephant tramples you!
* * * LOW HITPOINT WARNING * * *
You hold your ground!
The dire elephant trunk-slaps you.
* * * LOW HITPOINT WARNING * * *
Unknown command.
You pummel the dire elephant!! You freeze the dire elephant!
The dire elephant is moderately wounded.
The elephant tramples you!
You die...

.#..~~~~♣.♣♣.'.⌠........#
'#..~≈≈~~~♣♣.#...######'#
.#.~~≈~~~....#.).#__#...#+#######
.#.~≈~~~.....#...#__#...#..~~~'.#
.#.~~~.......#)###__#...#.#§~§#.#
##...........#..)#__#...'.#§.§#.#
)............#___#__'...#.#§.§#..
▓▓▓▓▓▓▓▓▓▓▓▓▓▓▓▓▓▓▓▓▓▓▓▓▓▓▓▓▓▓▓▓▓
'≈.≈.§§§~~♣♣...YY♣♣♣♣~~~........~
#~~~Y§§§≈~♣♣.≈≈Y≈'♣♣'♣≈≈≈≈≈≈≈≈≈≈≈
#≈~Y§§~~§≈÷[:..÷.#.~♣♣♣♣♣♣♣♣♣♣♣♣♣
#~≈§~~§≈≈~♣♣♣♣♣♣♣#..♣♣
#≈~~~§§~≈≈♣ ###'♣ ####+######
♣♣♣♣.# ♣..†## ♣♣.## ♣..#


You could see a dire elephant and an elephant.

Vanquished Creatures
  Gastronok (D)
  A dire elephant (D)
  Josephine (D)
  A centaur warrior (D)
  A deep elf pyromancer (D)
  An elephant (D)
  2 cane toads (D)
  An unseen horror (D)
  A rime drake (D)
  A komodo dragon (D)
  2 tyrant leeches (D)
  5 blink frogs (D)
  3 wandering mushrooms (D)
  A shadow (D)
  A redback (D)
  A spatial vortex (D)
  A swamp drake (D)
  2 centaurs (D)
  An earth elemental (D)
  A necrophage (D)
  A water elemental (D)
  A jelly (D)
  Crazy Yiuf (D)
  A wizard (D)
  A necromancer (D)
  3 humans (D)
  A kobold demonologist (D)
  An endoplasm (D)
  3 rats (D)
42 creatures vanquished.

Vanquished Creatures (others)
  2 plants (D)
2 creatures vanquished.

Grand Total: 44 creatures vanquished

Notes
Turn   | Place    | Note
-------+----------+-------------------------------------------
     0 | D        | mhtbhm the Troll Transmuter began the quest for the Orb.
     0 | D        | Reached XP level 1. HP: 18/18 MP: 1/1
   130 | D        | Reached skill level 4 in Unarmed Combat
   208 | D        | Noticed Crazy Yiuf
   222 | D        | Killed Crazy Yiuf
   223 | D        | Reached skill level 5 in Unarmed Combat
   223 | D        | Reached XP level 2. HP: 26/26 MP: 0/4
   223 | D        | Reached XP level 3. HP: 32/32 MP: 0/5
   299 | D        | Gained mutation: You have large cloven feet. [potion of
                  | mutation]
   299 | D        | Gained mutation: You are weak. (Str -2) [potion of
                  | mutation]
   299 | D        | Gained mutation: You occasionally lose the ability to drink
                  | potions when taking damage. [potion of mutation]
   300 | D        | Lost mutation: You occasionally lose the ability to drink
                  | potions when taking damage. [potion of mutation]
   300 | D        | Lost mutation: You are weak. (Str -2) [potion of mutation]
   300 | D        | Lost mutation: You have large cloven feet. [potion of
                  | mutation]
   300 | D        | Gained mutation: You have a pair of small horns on your
                  | head. [potion of mutation]
   300 | D        | Gained mutation: You are frail. (-10% HP) [potion of
                  | mutation]
   300 | D        | Gained mutation: You expend magic power (3 MP) to
                  | strengthen your wands. [potion of mutation]
   301 | D        | Lost mutation: You have a pair of small horns on your head.
                  | [potion of mutation]
   301 | D        | Lost mutation: You are frail. (-10% HP) [potion of
                  | mutation]
   301 | D        | Gained mutation: Your mind is acute. (Int +4, Str/Dex -1)
                  | [potion of mutation]
   301 | D        | Gained mutation: You are weak. (Str -2) [potion of
                  | mutation]
   301 | D        | Lost mutation: Your mind is acute. (Int +4, Str/Dex -1)
                  | [potion of mutation]
   302 | D        | Lost mutation: You are weak. (Str -2) [potion of mutation]
   302 | D        | Lost mutation: You expend magic power (3 MP) to strengthen
                  | your wands. [potion of mutation]
   302 | D        | Gained mutation: Your flesh is cold resistant. (rC+)
                  | [potion of mutation]
   302 | D        | Gained mutation: Your skin changes colour to match your
                  | surroundings (Stealth+). [potion of mutation]
   320 | D        | Learned a level 2 spell: Wereblood
   324 | D        | Learned a level 3 spell: Spider Form
   336 | D        | Noticed a water elemental
   345 | D        | Killed a water elemental
   346 | D        | Reached skill level 7 in Unarmed Combat
   346 | D        | Reached XP level 4. HP: 40/40 MP: 3/7
   459 | D        | Found a shadowy altar of Dithmenos.
   459 | D        | Noticed a necrophage
   461 | D        | Found a basalt altar of Yredelemnul.
   461 | D        | Found a sacrificial altar of Ru.
   465 | D        | Killed a necrophage
   466 | D        | Reached skill level 1 in Fighting
   466 | D        | Reached skill level 8 in Unarmed Combat
   466 | D        | Reached XP level 5. HP: 25/48 MP: 4/9
   511 | D        | Learned a level 4 spell: Ice Form
   847 | D        | Found a radiant altar of Vehumet.
   847 | D        | Found a shimmering blue altar of Sif Muna.
   847 | D        | Found an ancient bone altar of Kikubaaqudgha.
   861 | D        | Became a worshipper of Sif Muna the Loreminder
   871 | D        | Found a glowing silver altar of Zin.
   872 | D        | Found a glowing golden altar of the Shining One.
   872 | D        | Found a white marble altar of Elyvilon.
   872 | D        | Noticed a deep elf pyromancer
   879 | D        | Noticed a fire elemental
   879 | D        | Noticed a fire elemental
   885 | D        | Killed a deep elf pyromancer
   886 | D        | Reached skill level 1 in Stealth
   886 | D        | Reached skill level 9 in Unarmed Combat
   886 | D        | Reached skill level 5 in Transmutations
   886 | D        | Reached skill level 1 in Poison Magic
   886 | D        | Reached XP level 6. HP: 34/57 MP: 2/12
   886 | D        | Reached XP level 7. HP: 38/63 MP: 2/13
  1074 | D        | Noticed a shadow
  1080 | D        | Reached skill level 10 in Unarmed Combat
  1080 | D        | Reached skill level 5 in Spellcasting
  1082 | D        | Killed a shadow
  1082 | D        | Reached * piety under Sif Muna
  1087 | D        | Found a blossoming altar of Fedhas.
  1087 | D        | Found a stormy altar of Qazlal.
  1088 | D        | Found a snail-covered altar of Cheibriados.
  1088 | D        | Found a burning altar of Makhleb.
  1088 | D        | Found a hazy altar of Hepliaklqana.
  1088 | D        | Found a shimmering altar of Xom.
  1088 | D        | Found an opulent altar of Gozag.
  1088 | D        | Found a sparkling altar of Nemelex Xobeh.
  1088 | D        | Found a corrupted altar of Lugonu.
  1088 | D        | Found a viscous altar of Jiyva.
  1088 | D        | Noticed a spatial vortex
  1095 | D        | Killed a spatial vortex
  1096 | D        | Reached skill level 5 in Dodging
  1161 | D        | Noticed Josephine
  1172 | D        | Killed Josephine
  1173 | D        | Reached skill level 11 in Unarmed Combat
  1173 | D        | Reached XP level 8. HP: 25/74 MP: 11/16
  1322 | D        | Found a hide-covered altar of Uskayaw.
  1322 | D        | Found an iron altar of Okawaru.
  1322 | D        | Found a bloodstained altar of Trog.
  1322 | D        | Found an ornate altar of the Wu Jian Council.
  1326 | D        | Reached ** piety under Sif Muna
  1382 | D        | Noticed a centaur warrior
  1385 | D        | Reached XP level 9. HP: 75/80 MP: 13/17
  1388 | D        | Killed a centaur warrior
  1388 | D        | Reached *** piety under Sif Muna
  1389 | D        | Reached skill level 12 in Unarmed Combat
  1389 | D        | Reached skill level 1 in Ice Magic
  1449 | D        | Killed an unseen horror
  1513 | D        | Noticed a wandering mushroom
  1518 | D        | Noticed a wandering mushroom
  1520 | D        | Noticed a wandering mushroom
  1533 | D        | Reached **** piety under Sif Muna
  1713 | D        | Noticed a cane toad
  1713 | D        | Noticed a komodo dragon
  1713 | D        | Noticed a cane toad
  1719 | D        | Killed a cane toad
  1720 | D        | Reached skill level 13 in Unarmed Combat
  1724 | D        | Killed a cane toad
  1726 | D        | Killed a komodo dragon
  1727 | D        | Reached XP level 10. HP: 69/91 MP: 14/19
  1730 | D        | Reached ***** piety under Sif Muna
  1753 | D        | Received a gift from Sif Muna
  1754 | D        | Got Sif Muna's Compendium of the Called Birds {god gift}
  1934 | D        | Reached skill level 14 in Unarmed Combat
  2083 | D        | Noticed an elephant
  2084 | D        | Noticed an elephant
  2084 | D        | Noticed a dire elephant
  2084 | D        | Noticed a dire elephant
  2084 | D        | Noticed Gastronok
  2087 | D        | Killed an elephant
  2093 | D        | Killed a dire elephant
  2094 | D        | Reached skill level 15 in Unarmed Combat
  2161 | D        | Killed Gastronok
  2161 | D        | Received a gift from Sif Muna
  2162 | D        | Reached skill level 10 in Invocations
  2162 | D        | Reached XP level 11. HP: 64/101 MP: 15/21
  2170 | D        | HP: 3/181 [dire elephant (11)]
  2170 | D        | HP: 1/181 [dire elephant (2)]
  2171 | D        | Mangled by an elephant

Illustrated notes

Levels and vault maps discovered:
D:        dungeon_sprint_mu [sprint_mu_entry_forest, sprint_mu_temple_rooms,
          sprint_mu_d1_horrors, sprint_mu_d2_genie, sprint_mu_d3_branching,
          sprint_mu_orc_legion, sprint_mu_elf_gauntlet, sprint_mu_hive_nellie,
          sprint_mu_lair_fedhas, sprint_mu_vaults_butterflies,
          sprint_mu_slime_circle, sprint_mu_swamp_cave, sprint_mu_shoals_archi,
          sprint_mu_blade_basic, sprint_mu_crypt_fortress,
          sprint_mu_tomb_spiral, sprint_mu_vestibule_basic,
          sprint_mu_gehenna_hellfire, sprint_mu_dis_giant,
          sprint_mu_tartarus_statrot, sprint_mu_cocytus_islands, sprint_mu_zot1]

Skill      XL: |  1  2  3  4  5  6  7  8  9 10 |
---------------+-------------------------------+-----
Unarmed Combat | 5 7 8 9 11 13 15 | 15.6
Dodging        | 2 3 4 5 6 |  6.8
Spellcasting   | 2 3 4 6 7 |  7.5
Transmutations | 2 3 5 6 7 8 |  8.1
Fighting       | 1 2 3 4 |  4.5
Stealth        | 1 2 3 |  3.4
Poison Magic   | 1 2 |  2.4
Invocations    | 4 6 8 10 | 10.1
Ice Magic      | 2 |  2.9

Action                   |  1- 3 |  4- 6 |  7- 9 | 10-12 || total
-------------------------+-------+-------+-------+-------++-------
Melee: Unarmed           |    28 |    17 |    68 |    59 ||   172
       Kick              |     3 |     2 |     3 |       ||     8
       Headbutt          |     2 |       |     1 |       ||     3
       Punch             |       |     2 |     1 |       ||     3
 Cast: Beastly Appendage |     4 |     1 |     1 |       ||     6
       Wereblood         |     1 |     3 |     5 |     3 ||    12
       Spider Form       |       |     2 |     1 |       ||     3
       Ice Form          |       |       |     5 |     3 ||     8
  Use: Potion            |     7 |     1 |     1 |     3 ||    12
       Scroll            |       |       |       |     1 ||     1
 Stab: Sleeping          |       |       |     2 |     1 ||     3
Armor: Robe              |     5 |       |     2 |       ||     7
       Skin              |     2 |       |     9 |     3 ||    14
Dodge: Dodged            |     7 |     8 |    22 |    22 ||    59

Table legend: (Time is in decaauts)
 A = Elapsed time spent in this place.
 B = Non-inter-level travel time spent in this place.
 C = Inter-level travel time spent in this place.
 D = Time resting spent in this place.
 E = Time spent auto-exploring this place.
 F = Levels seen in this place.
 G = Mean time per level.
                   A        B        C        D        E       F      G
               +--------+--------+--------+--------+--------+-----+--------+
         Total |   2134 |   2134 |      0 |   1433 |      1 |   1 | 2134.0 |
       Dungeon |   2134 |   2134 |      0 |   1433 |      1 |   1 | 2134.0 |
               +--------+--------+--------+--------+--------+-----+--------+

Top non-repeatable levels by time:
       D: 2134 daAuts
